 Dungeon Crawl Stone Soup version 0.31-a0-175-g9f7f995f2b (webtiles) character file.

Game seed: 1638471793061656246

77 qw the Chopper (level 4, -1/28 HPs)
             Began as a Gargoyle Fighter on June 16, 2023.
             Slain by a centaur (2 damage)
             ... on level 3 of the Dungeon.
             The game lasted 00:00:33 (1514 turns).

qw the Chopper (Gargoyle Fighter)                   Turns: 1514, Time: 00:00:33

Health: -1/28      AC: 15    Str: 22    XL:     4   Next: 34%
Magic:  4/4        EV:  8    Int:  8    God:
Gold:   74         SH:  4    Dex:  9    Spells: 3/3 levels left

rFire   . . .        Y - +0 war axe (venom)
rCold   . . .        c - +0 buckler
rNeg    + . .        h - +0 chain mail
rPois   inf          i - +2 helmet
rElec   +            (no cloak)
rCorr   .            (no gloves)
SInv    .            (no boots)
Will    .....        (no amulet) Stlth
                     (no ring)
HPRegen 0.24/turn    (no ring)
MPRegen 0.09/turn

%: no passive effects
@: no status effects
A: sickness immunity, AC +3, negative energy resistance 1, electricity
resistance, torment resistance 1, petrification resistance
a: no special abilities


You were on level 3 of the Dungeon.
You visited 1 branch of the dungeon, and saw 3 of its levels.

You collected 74 gold pieces.


Innate Abilities, Weirdness & Mutations

You are immune to sickness and miasma.
Your stone body is resilient. (AC +3)
You are immune to poison.
You resist negative energy. (rN+)
You are resistant to electric shocks. (rElec)
You are resistant to unholy torment.
You are immune to petrification.


   Skills:
 - Level 3.2 Fighting
 + Level 4.1 Axes
 - Level 3.2 Armour
 - Level 3.2 Shields


You had 3 spell levels left.
You didn't know any spells.
Your spell library was empty.

Inventory:

Hand Weapons
 j - a +0 morningstar
 Y - a +0 war axe of venom (weapon)
Armour
 c - a +0 buckler (worn)
 h - a +0 chain mail (worn)
 i - a +2 helmet (worn)
Potions
 a - a potion of attraction {unknown}
 d - a potion of might
 e - a potion of curing
 f - a potion of lignification {unknown}
 g - a potion of berserk rage {unknown}

Dungeon Overview and Level Annotations

Branches:
Dungeon (3/15)

Altars:
Xom


Message History

The endoplasm freezes you.
You are frozen.
You hit the endoplasm.
The endoplasm is moderately wounded.
The endoplasm barely misses you.
You slash the endoplasm!
You kill the endoplasm!
You start resting.
HP restored.
Found 8 stones.
A bat comes into view.
The bat barely misses you.
You slash the bat!
You kill the bat!
A centaur comes into view.
The centaur shouts!
The centaur wields a +0 orcbow.
The centaur shoots an arrow.
You block the arrow.
You see here 12 gold pieces.
The centaur shoots an arrow.
You block the arrow.
The centaur shoots an arrow.
The arrow hits you but does no damage.
The centaur shoots an arrow.
The arrow hits you!
The centaur shoots an arrow.
The arrow hits you!
The centaur unwields a +0 orcbow.
The centaur hits you but does no damage.
The centaur kicks you but does no damage.
You barely miss the centaur.
The centaur hits you but does no damage.
The centaur barely misses you.
You slash the centaur!
The centaur is poisoned.
The centaur is heavily wounded.
The centaur completely misses you.
The centaur kicks you but does no damage.
The centaur hits you.
The centaur kicks you but does no damage.
You hit the centaur but do no damage.
The centaur is severely wounded.
The centaur hits you. The centaur kicks you. You block the centaur's attack.
The centaur kicks you.
You die...

#...# #...## #....
####...# #......#
#......# ####...c..#
......#@..##### ._
..............##### ##.
####.....####.. ...###..
#.....# ####...#..
#...$.## #.........
##.....%#####.........
.............##.?.......
.####....##..##.......).
.......###..........#.


You could see a centaur (very poisoned).

Vanquished Creatures
  4 gnolls (D:3)
  2 adders (D:2)
  2 bats
  3 endoplasms
  A giant cockroach (D:2)
  2 goblins
  2 jackals (D:1)
  A kobold (D:2)
  2 ball pythons
  2 frilled lizards
  2 rats
23 creatures vanquished.

Notes
Turn   | Place    | Note
-------+----------+-------------------------------------------
     0 | D:1      | qw the Gargoyle Fighter began the quest for the Orb.
     0 | D:1      | Reached XP level 1. HP: 14/14 MP: 1/1
     0 | D:1      | 0 ||| qw: Version: 0.2-a-29-g511e9b1
     0 | D:1      | 0 ||| qw: Game counter: 5932
     0 | D:1      | 0 ||| qw: Always use a shield: true
     0 | D:1      | 0 ||| qw: God list: Okawaru
     0 | D:1      | 0 ||| qw: Allow faded altars: false
     0 | D:1      | 0 ||| qw: Do Orc after D:15 true
     0 | D:1      | 0 ||| qw: Do second Lair branch before Depths: true
     0 | D:1      | 0 ||| qw: Lair rune preference: random
     0 | D:1      | 0 ||| qw: Plans: Normal, Zot:1-4, Slime:5, God:TSO, Crypt,
                  | Tomb, Abyss, Pan, Hells, Win
     0 | D:1      | 0 ||| PLANNING D:1-11
    22 | D:1      | 22 ||| Stepping ~*~*~tactically~*~*~ (stealth).
    27 | D:1      | Reached skill level 2 in Axes
    60 | D:1      | HP: 3/14 [frozen (4)]
   175 | D:1      | Reached XP level 2. HP: 19/19 MP: 2/2
   447 | D:1      | 447 ||| DROPPING +0 club.
   576 | D:1      | 576 ||| READING scroll labelled PADATO QEOFAS.
   577 | D:1      | 577 ||| READING scroll labelled LETERIAMOMN.
   578 | D:1      | 578 ||| READING scroll labelled TANICA XENT.
   583 | D:1      | 583 ||| READING scroll labelled EMULIOWELIQ.
   584 | D:1      | 584 ||| DRINKING 2 glowing black potions.
   950 | D:2      | Reached skill level 3 in Axes
   973 | D:2      | Found a faded altar of an unknown god.
  1215 | D:2      | Reached XP level 3. HP: 23/23 MP: 3/3
  1224 | D:2      | Found a shimmering altar of Xom.
  1332 | D:2      | 1332 ||| UPGRADING to +0 chain mail.
  1342 | D:2      | 1342 ||| DROPPING +0 scale mail.
  1343 | D:2      | 1343 ||| UPGRADING to +2 helmet.
  1348 | D:2      | 1348 ||| READING scroll labelled AGREATODUA.
  1388 | D:3      | Found a shimmering altar of Xom.
  1404 | D:3      | Reached XP level 4. HP: 13/28 MP: 4/4
  1406 | D:3      | Reached skill level 4 in Axes
  1507 | D:3      | Noticed a centaur
  1514 | D:3      | HP: 4/28 [centaur (5)]
  1514 | D:3      | HP: 1/28 [centaur (3)]
  1514 | D:3      | Slain by a centaur

Levels and vault maps discovered:
D:1:      tarquinn_simple_flora_water_b, layout_rooms, minmay_misc_feat_iff,
          patterned_corridor
D:2:      layout_basic, basic_altar, shapermc_ecumenical_altar_flowoftime
D:3:      layout_rooms, lemuel_crystal_altar, serial_shops,
          nicolae_shop_tiny_real_fake_doors, minmay_hedge_maze

Skill      XL: |  1  2  3  4 |
---------------+-------------+-----
Axes           | 2 3 4 |  4.1
Fighting       | |  3.2
Armour         | |  3.2
Shields        | |  3.2

Action                     |  1- 3 |  4- 6 || total
---------------------------+-------+-------++-------
  Melee: War axe           |    53 |     9 ||    62
    Use: Scroll            |     5 |       ||     5
         Potion            |     1 |       ||     1
 Armour: Scale mail        |    15 |       ||    15
         Chain mail        |     2 |     6 ||     8
  Dodge: Dodged            |    26 |     4 ||    30
  Block: Buckler           |    12 |     3 ||    15

Table legend:
 A = Non-vault XP
 B = Vault XP
 C = Vault XP percentage of total XP
 D = Non-vault monster count
 E = Vault monster count
 F = Vault count percentage of total count
                 A         B        C        D         E       F
            +---------+---------+-------+---------+---------+-------
      Total |     111 |       0 |   0.0 |      23 |       0 |   0.0
            +---------+---------+-------+---------+---------+-------
        D:1 |      10 |       0 |   0.0 |       6 |       0 |   0.0
        D:2 |      38 |       0 |   0.0 |       9 |       0 |   0.0
        D:3 |      63 |       0 |   0.0 |       8 |       0 |   0.0
            +---------+---------+-------+---------+---------+-------
